 Dungeon Crawl Stone Soup version 0.29-a0-1033-gb6c65ffae6 (webtiles) character file.

Game seed: 7026008913509513621

457 wingedge the Magician (level 7, -3/52 HPs)
             Began as a Human Wanderer on Aug 14, 2022.
             Slain by a lemure (4 damage)
             ... led by Pikel
             ... on level 5 of the Dungeon.
             The game lasted 00:20:06 (6389 turns).

wingedge the Magician (Human Wanderer)              Turns: 6389, Time: 00:20:07

Health: -3/52      AC:  3    Str: 11    XL:     7   Next: 27%
Magic:  2/11       EV: 12    Int: 12    God:
Gold:   313        SH:  0    Dex: 16    Spells: 8/12 levels left

rFire   . . .      SeeInvis .   a - +0 short sword (elec)
rCold   . . .      Faith    .   (no shield)
rNeg    . . .      Spirit   .   d - +0 robe
rPois   .          Reflect  .   (no helmet)
rElec   .          Harm     .   (no cloak)
rCorr   +          Rampage  .   r - +0 pair of gloves
Will    .....                   (no boots)
Stlth   ++........              (no amulet)
HPRegen 0.17/turn               g - ring of resist corrosion
MPRegen 0.12/turn               (no ring)

@: very slightly contaminated
A: no striking features
a: no special abilities


You were on level 5 of the Dungeon.
You visited 1 branch of the dungeon, and saw 5 of its levels.

You collected 313 gold pieces.

Inventory:

Hand Weapons
 a - a +0 short sword of electrocution (weapon)
 b - a +2 dagger of venom
 e - a +0 quarterstaff
Missiles
 k - 2 boomerangs
 p - 11 poisoned darts
Armour
 d - a +0 robe (worn)
 r - a +0 pair of gloves (worn)
Magical Staves
 s - a staff of death
 t - a staff of cold
Jewellery
 g - a ring of resist corrosion (left hand)
Wands
 u - a wand of charming (10)
Scrolls
 c - 3 scrolls of poison {unknown}
 i - a scroll of blinking {unknown}
 l - 2 scrolls of noise {unknown}
 m - 4 scrolls of identify {unknown}
 n - a scroll of enchant armour {unknown}
 o - 2 scrolls of amnesia {unknown}
 v - a scroll of torment {unknown}
Potions
 f - a potion of degeneration
 h - 2 potions of heal wounds
 j - 2 potions of resistance
 q - a potion of brilliance
 w - a potion of might {unknown}


   Skills:
 - Level 3.0 Fighting
 + Level 0.8 Short Blades
 - Level 2.0 Staves
 - Level 1.0 Throwing
 - Level 2.0 Armour
 - Level 2.0 Dodging
 - Level 1.0 Stealth
 - Level 3.0 Spellcasting
 - Level 3.0 Conjurations
 - Level 2.0 Air Magic
 - Level 3.0 Earth Magic
 - Level 1.0 Evocations


You had 8 spell levels left.
You knew the following spells:

 Your Spells              Type           Power      Damage    Failure   Level
a - Shock                 Conj/Air       28%        1d4       9%          1
b - Stone Arrow           Conj/Erth      18%        3d8       22%         3

Your spell library contained the following spells:

 Spells                   Type           Power      Damage    Failure   Level
 Sandblast                Erth           18%        2d7       7%          1
 Vampiric Draining        Necr           1%         2d6       58%         3
 Animate Armour           Summ/Erth      10%        N/A       78%         4
 Blade Hands              Tmut           0%         N/A       100%        5
 Iron Shot                Conj/Erth      4%         9d2       100%        6


Dungeon Overview and Level Annotations

Branches:
Dungeon (5/15)
 Temple: D:4-7

Altars:
Dithmenos
Kikubaaqudgha
Makhleb
Ru

Annotations:
D:5 Pikel


Message History

Press: ? - help, Shift-Dir - straight line, f/p - Pikel
Aim: Pikel, wielding a +1 whip of freezing and wearing a +0 robe (55% to hit)
The stone arrow hits Pikel.
Pikel is lightly wounded.
Casting: Stone Arrow (dangerous; 22% risk of failure)
Confirm with . or Enter, or press ? or * to list all spells.
Aiming: Stone Arrow (dangerous; 22% risk of failure)
Press: ? - help, Shift-Dir - straight line, f/p - Pikel
Aim: Pikel, wielding a +1 whip of freezing and wearing a +0 robe (lightly wounded, 55% to hit)
You miscast Stone Arrow.
You are very lightly contaminated with residual magic.
Nothing appears to happen.
Pikel hits you with a +1 whip of freezing!
Pikel freezes you.
You hit Pikel.
Pikel is poisoned.
Pikel is moderately wounded.
Pikel closely misses you.
You hit Pikel.
Pikel looks as sick as possible!
Pikel is moderately wounded.
Pikel hits you with a +1 whip of freezing!
Pikel freezes you.
Your +2 dagger of venom stops dripping with poison.
You hear the crackle of electricity.
a - a +0 short sword of electrocution (weapon)
You barely miss Pikel.
Pikel is heavily wounded.
The lemure closely misses you.
Pikel hits you with a +1 whip of freezing!
Pikel freezes you.
* * * LOW HITPOINT WARNING * * *
You hit Pikel.
Pikel is heavily wounded.
The lemure hits you!
* * * LOW HITPOINT WARNING * * *
Pikel hits you with a +1 whip of freezing.
* * * LOW HITPOINT WARNING * * *
Pikel freezes you.
* * * LOW HITPOINT WARNING * * *
The lemure hits you.
You die...

### # #.. .. ### #.# #.#
#.## ##.#####.# ##.#.##
#........###.###.##
#..#...........##.##
#..#.##>...#.#...†.†
####..#.##.....#.#.####
#.....@K##....###.##
#.##...5.....## ###
#.##.#####.#.#
#.##.......#.# ####
#5##########+# #...
#####5#### ... #.##
##........# .... #>##
#.......#.# ..... #.#.
.#####<.###....###....5.
###...


You could see Pikel (extremely poisoned) and a lemure.

Vanquished Creatures
  Menkaure (D:4)
  A lemure (D:5)
  3 hounds
  Natasha (twice) (D:3)
  2 orc wizards (D:3)
  5 adders
  2 ufetubi
  A worm (D:3)
  A dart slug (D:3)
  12 orcs
  5 endoplasms
  A giant cockroach (D:4)
  6 goblins
  6 hobgoblins
  2 jackals (D:5)
  12 kobolds
  3 quokkas
  6 ball pythons
  7 bats
  3 frilled lizards
  2 rats
83 creatures vanquished.

Vanquished Creatures (collateral kills)
  A lemure (D:5)
1 creature vanquished.

Vanquished Creatures (others)
  2 fungi (D:3)
  10 plants (D:3)
12 creatures vanquished.

Grand Total: 96 creatures vanquished

Notes
Turn   | Place    | Note
-------+----------+-------------------------------------------
     0 | D:1      | wingedge the Human Wanderer began the quest for the Orb.
     0 | D:1      | wingedge set off with the following items: a +0
                  | quarterstaff, a +0 pair of gloves, a potion of curing, a +0
                  | robe; and the following spells available to memorise:
                  | Sandblast, Shock, Stone Arrow, Vampiric Draining.
     0 | D:1      | Reached XP level 1. HP: 13/13 MP: 3/3
     2 | D:1      | Learned a level 1 spell: Shock
   275 | D:1      | Reached skill level 1 in Conjurations
   788 | D:1      | Reached skill level 1 in Air Magic
   788 | D:1      | Reached XP level 2. HP: 10/19 MP: 0/5
  1456 | D:2      | Reached XP level 3. HP: 24/24 MP: 1/6
  2451 | D:2      | Reached XP level 4. HP: 28/30 MP: 3/8
  3214 | D:2      | Learned a level 3 spell: Stone Arrow
  3348 | D:3      | Reached skill level 1 in Fighting
  3556 | D:3      | Reached XP level 5. HP: 22/37 MP: 5/9
  3685 | D:3      | Found a sacrificial altar of Ru.
  3876 | D:3      | Noticed Natasha
  3891 | D:3      | Killed Natasha
  3892 | D:3      | Reached skill level 1 in Earth Magic
  3892 | D:3      | Reached skill level 1 in Dodging
  4019 | D:3      | Noticed Natasha
  4030 | D:3      | Killed Natasha
  4258 | D:3      | Reached XP level 6. HP: 14/44 MP: 0/10
  4617 | D:3      | Found an ancient bone altar of Kikubaaqudgha.
  4695 | D:3      | Found a burning altar of Makhleb.
  4695 | D:3      | Noticed a cacodemon
  5374 | D:4      | Noticed Menkaure
  5407 | D:4      | Killed Menkaure
  5408 | D:4      | Reached XP level 7. HP: 16/51 MP: 4/11
  5644 | D:4      | Found a shadowy altar of Dithmenos.
  5763 | D:5      | Entered Level 5 of the Dungeon
  6117 | D:5      | Noticed Pikel
  6389 | D:5      | HP: 2/52 [Pikel/+1 whip of freezing (4)]
  6389 | D:5      | Slain by a lemure

Illustrated notes

Levels and vault maps discovered:
D:1:      psy_arrival_radial01, layout_loops_corners
D:2:      minmay_chambers_of_twos, layout_loops_ring, minmay_misc_feat_x
D:3:      layout_rooms, nicolae_ru_the_path_less_chosen,
          makhleb_altar_promises_db, mainiacjoe_overflow_six_doors_small,
          uniq_natasha
D:4:      layout_rooms, grunt_dithmenos_smoke_and_mirrors, uniq_menkaure
D:5:      layout_loops_corners, grunt_nemelex_the_gamble,
          kb_lookout_dungeons_type, hangedman_abyss_or_decor_stagger,
          lemuel_flame_loot_1, uniq_pikel, uniq_blork_the_orc

Skill      XL: |  1  2  3  4  5  6  7 |
---------------+----------------------+-----
Conjurations   | 1 2 3 |  3.0
Air Magic      | 1 2 |  2.0
Spellcasting   | 3 |  3.0
Fighting       | 1 2 3 |  3.0
Earth Magic    | 1 3 |  3.0
Dodging        | 1 2 |  2.0
Short Blades   | |  0.8
Staves         | |  2.0
Throwing       | |  1.0
Armour         | |  2.0
Stealth        | |  1.0
Evocations     | |  1.0

Action                   |  1- 3 |  4- 6 |  7- 9 || total
-------------------------+-------+-------+-------++-------
Melee: Dagger            |    32 |    45 |    11 ||    88
       Quarterstaff      |     1 |       |       ||     1
       Punch             |     1 |     1 |       ||     2
       Short sword       |       |    24 |    10 ||    34
       Staff             |       |    11 |       ||    11
Throw: Dart              |       |     8 |       ||     8
 Cast: Shock             |    58 |   125 |    17 ||   200
       Stone Arrow       |       |     1 |     8 ||     9
Evoke: Wand              |       |       |     3 ||     3
  Use: Potion            |       |     6 |       ||     6
 Stab: Sleeping          |     1 |     2 |       ||     3
Armor: Robe              |     9 |    25 |     6 ||    40
Dodge: Dodged            |    26 |    81 |    23 ||   130

Table legend: (Time is in decaauts)
 A = Elapsed time spent in this place.
 B = Non-inter-level travel time spent in this place.
 C = Inter-level travel time spent in this place.
 D = Time resting spent in this place.
 E = Time spent auto-exploring this place.
 F = Levels seen in this place.
 G = Mean time per level.
                   A        B        C        D        E       F      G
               +--------+--------+--------+--------+--------+-----+--------+
         Total |   6408 |   6320 |     88 |   1895 |   3482 |   5 | 1281.6 |
       Dungeon |   6408 |   6320 |     88 |   1895 |   3482 |   5 | 1281.6 |
               +--------+--------+--------+--------+--------+-----+--------+

Top non-repeatable levels by time:
     D:3: 1759 daAuts
     D:2: 1637 daAuts
     D:1: 1343 daAuts
     D:4: 1164 daAuts
     D:5: 504 daAuts
